 Dungeon Crawl Stone Soup version 0.21-a0-498-g1b60429 (webtiles) character file.

15 4thArraOfDagon the Chopper (level 2, -1/26 HPs)
             Began as a Hill Orc Monk on Nov 24, 2017.
             Was a Believer of Beogh.
             Slain by a rat (2 damage)
             ... on level 3 of the Dungeon.
             The game lasted 00:00:52 (116 turns).

4thArraOfDagon the Chopper (Hill Orc Monk)           Turns: 116, Time: 00:00:53

Health: -1/26      AC:  2    Str: 13    XL:     2   Next: 50%
Magic:  2/2        EV: 13    Int: 10    God:    Beogh [**....]
Gold:   35         SH:  0    Dex: 13    Spells: 1/1 levels left

rFire    + . .     SeeInvis .   a - +0 hand axe
rCold    + . .     Gourm    .   (no shield)
rNeg     . . .     Faith    .   b - +0 robe
rPois    +         Spirit   .   (no helmet)
rElec    +         Reflect  .   (no cloak)
rCorr    +         Harm     .   (no gloves)
MR       .....                  (no boots)
Stlth    ++........             (no amulet)
HPRegen  0.08/turn              (no ring)
MPRegen  0.08/turn              (no ring)

@: lethally poisoned (-1 -> -13), resistant, hasted, very quick
A: no striking features
a: Smiting, Renounce Religion


You were on level 3 of the Dungeon.
You worshipped Beogh.
Beogh was pleased with you.
You were not hungry.

You visited 1 branch of the dungeon, and saw 3 of its levels.

You collected 35 gold pieces.

Inventory:

Hand Weapons
 a - a +0 hand axe (weapon)
Armour
 b - a +0 robe (worn)
Scrolls
 f - 4 scrolls of identify {unknown}
Comestibles
 c - a bread ration
 d - a meat ration


   Skills:
 - Level 3.6 Fighting
 * Level 5.1 Axes
 - Level 2.4 Dodging
 - Level 1.5 Stealth


You had one spell level left.
You didn't know any spells.

Dungeon Overview and Level Annotations

Branches:
Dungeon (3/15)

Altars:


Message History

The adder is almost dead.
You feel sick. The adder bites you.
* * * LOW HITPOINT WARNING * * *
You are more poisoned.
The adder poisons you!
The orc hits the adder with a club.
The adder dies!
Your Axes skill increases to level 5!
You have reached level 2!
Unknown command.
It was a potion of resistance.
You feel protected.
* * * LOW HITPOINT WARNING * * *
You feel sick. The rat bites you.
* * * LOW HITPOINT WARNING * * *
The orc barely misses the rat.
Unknown command.
It was a potion of haste.
You feel yourself speed up.
* * * LOW HITPOINT WARNING * * *
You feel sick. The rat bites you.
You die...

#. ##. .. #.
. #.## .#
#..# #... #
#<# .....
#.##.##o.o...
#...†@r......
#.##.##.#...o
# #..o.o....
...#.##..
#.#.# # .# ..
.. # ... .##
... .# ...%
.#


You could see a rat, a neutral orc priest (wandering) and 3 neutral orcs.

Vanquished Creatures
  A leopard gecko (D:1)
  A ball python (D:3)
  A frilled lizard (D:1)
  A kobold (D:1)
  2 rats (D:1)
6 creatures vanquished.

Vanquished Creatures (others)
  An adder (D:3)
  A hobgoblin (D:3)
2 creatures vanquished.

Grand Total: 8 creatures vanquished

Notes
Turn   | Place    | Note
-------+----------+-------------------------------------------
     0 | D:1      | 4thArraOfDagon the Hill Orc Monk began the quest for the Orb.
     0 | D:1      | Reached XP level 1. HP: 19/19 MP: 1/1
   102 | D:3      | Noticed an orc priest
   104 | D:3      | Became a worshipper of Beogh the Brigand
   104 | D:3      | Reached * piety under Beogh
   104 | D:3      | Reached ** piety under Beogh
   114 | D:3      | Reached skill level 5 in Axes
   114 | D:3      | Reached XP level 2. HP: 5/26 MP: 2/2
   116 | D:3      | HP: 1/26 [poisoned by an adder]
   116 | D:3      | Slain by a rat

Vault maps used:
D:1:      matt_arrival_los_fun
D:2:      lemuel_blue_sif_altar, uniq_crazy_yiuf_cottage
D:3:      yredelemnul_forgotten_temple_becter, nicolae_overflow_crystal_walls,
          lemuel_crystal_altar, first_bread, st_stairs_6,
          grunt_decor_mini_mirrors

Skill      XL: |  1 |
---------------+----+-----
Axes           | 5 |  5.1
Fighting       | |  3.6
Dodging        | |  2.4
Stealth        | |  1.5

Action                   || total
-------------------------++-------
Melee: Hand axe          ||    13
Invok: Convert to Beogh  ||     1
  Use: Potion            ||     2
Armor: Robe              ||     1
Dodge: Dodged            ||    11

Table legend:
 A = Spawn XP
 B = Non-spawn XP
 C = Spawn XP percentage of total XP
 D = Spawn monster count
 E = Non-spawn monster count
 F = Spawn count percentage of total count
 G = Total turns spent on level
                    A         B        C        D         E        F      G
               +---------+---------+-------+---------+---------+-------+---------
         Total |       0 |      22 |   0.0 |       0 |       7 |   0.0 |   116
               +---------+---------+-------+---------+---------+-------+---------
           D:1 |       0 |       7 |   0.0 |       0 |       5 |   0.0 |    91
           D:3 |       0 |      15 |   0.0 |       0 |       2 |   0.0 |    15
               +---------+---------+-------+---------+---------+-------+---------
